| TOP OF THE 1ST |
|
San Francisco Giants batting - Pitching for Houston Astros : RHP Moises Hernandez Jr.
|
|
Pitching: RHP Moises Hernandez Jr.
|
|
|
Batting: RHB Philip Jansen
|
0-0: Ball 1-0: Ground out 4-3 (Groundball, 4M, EV 88.8 MPH)
|
|
Batting: RHB Lucan Esini
|
0-0: Ball 1-0: Ball 2-0: Ball 3-0: Base on Balls
|
|
Batting: LHB Jack Henningar
|
0-0: Foul Ball, location: 2F 0-1: Foul Ball, location: 2F 0-2: 2-RUN HOME RUN (Flyball, 9LD, EV 95.0 MPH) (Inside the Park)
|
|
Batting: RHB Sean Zielinski
|
0-0: Ball 1-0: Ground out 1-3 (Groundball, 13S, EV 70.0 MPH)
|
|
Batting: LHB Carey Horncole
|
0-0: Ball 1-0: Called Strike 1-1: Ball 2-1: Called Strike 2-2: Strikes out swinging
|
| Top of the 1st over - 2 runs, 1 hit, 0 errors, 0 left on base; San Francisco 2 - Houston 0 |
| BOTTOM OF THE 1ST |
|
Houston Astros batting - Pitching for San Francisco Giants : RHP Keith Kidd
|
|
Pitching: RHP Keith Kidd
|
|
|
Batting: RHB Jesse Scott
|
0-0: Foul Ball, location: 2F 0-1: Ball 1-1: Foul Ball, location: 2F 1-2: Ball 2-2: Ball 3-2: Foul Ball, location: 2F 3-2: Fly out, F7 (Flyball, 7D, EV 104.4 MPH)
|
|
Batting: RHB Jeremy Trump
|
0-0: Called Strike 0-1: Ground out 6-3 (Groundball, 6, EV 86.9 MPH)
|
|
Batting: SHB Joe Gardner
|
0-0: Ball 1-0: Swinging Strike 1-1: Ball 2-1: Foul Ball, location: 2F 2-2: Ground out 5-3 (Groundball, 56, EV 86.2 MPH)
|
| Bottom of the 1st over - 0 runs, 0 hits, 0 errors, 0 left on base; San Francisco 2 - Houston 0 |
| TOP OF THE 2ND |
|
San Francisco Giants batting - Pitching for Houston Astros : RHP Moises Hernandez Jr.
|
|
Batting: SHB Ryan Doss
|
0-0: Called Strike 0-1: Swinging Strike 0-2: Strikes out swinging
|
|
Batting: LHB Luis Magdaleno
|
0-0: Foul Ball, location: 2F 0-1: SINGLE (Groundball, 34D, EV 110.0 MPH)
|
|
Batting: SHB Bill Dooms
|
0-0: Ball 1-0: Ball 2-0: Called Strike 2-1: Ball 3-1: Foul Ball, location: 2F 3-2: Base on Balls Luis Magdaleno to second
|
|
Batting: LHB Mason Duffy
|
0-0: Swinging Strike 0-1: Called Strike 0-2: Grounds into double play, 4-6-3 (Groundball, 4S, EV 89.4 MPH)
|
| Top of the 2nd over - 0 runs, 1 hit, 0 errors, 1 left on base; San Francisco 2 - Houston 0 |
| BOTTOM OF THE 2ND |
|
Houston Astros batting - Pitching for San Francisco Giants : RHP Keith Kidd
|
|
Batting: LHB Bryce Hill
|
0-0: SINGLE (Groundball, 4D, EV 95.6 MPH)
|
|
Batting: RHB Elijah Hunter
|
0-0: Called Strike 0-1: Foul Ball, location: 2F 0-2: Foul Ball, location: 2F 0-2: Ball 1-2: Ball 2-2: Strikes out swinging
|
|
Batting: LHB Eric Katz
|
0-0: Called Strike 0-1: Foul Ball, location: 2F 0-2: Ball 1-2: Strikes out swinging
|
|
Batting: LHB Josh Corkery
|
0-0: Fly out, F7 (Flyball, 7LM, EV 86.9 MPH)
|
| Bottom of the 2nd over - 0 runs, 1 hit, 0 errors, 1 left on base; San Francisco 2 - Houston 0 |
| TOP OF THE 3RD |
|
San Francisco Giants batting - Pitching for Houston Astros : RHP Moises Hernandez Jr.
|
|
Batting: RHB Philip Jansen
|
0-0: Ground out 5-3 (Groundball, 56, EV 86.9 MPH)
|
|
Batting: RHB Lucan Esini
|
0-0: Ball 1-0: Called Strike 1-1: Swinging Strike 1-2: Foul Ball, location: 2F 1-2: Ball 2-2: SINGLE (Line Drive, 6D, EV 95.0 MPH)
|
|
Batting: LHB Jack Henningar
|
0-0: Fielders Choice at 2nd, 1-4 (Groundball, 15S, EV 70.0 MPH)
|
|
Batting: RHB Sean Zielinski
|
0-0: Called Strike 0-1: Foul Ball, location: 2F 0-2: Strikes out swinging
|
| Top of the 3rd over - 0 runs, 1 hit, 0 errors, 1 left on base; San Francisco 2 - Houston 0 |
| BOTTOM OF THE 3RD |
|
Houston Astros batting - Pitching for San Francisco Giants : RHP Keith Kidd
|
|
Batting: RHB Eric Chotkowski
|
0-0: Foul Ball, location: 2F 0-1: Ground out 5-3 (Groundball, 5, EV 82.5 MPH)
|
|
Batting: SHB Alvare Bairro
|
0-0: Ground out 4-3 (Groundball, 4, EV 102.5 MPH)
|
|
Batting: RHB Jesse Scott
|
0-0: Called Strike 0-1: Ground out 5-3 (Groundball, 5, EV 108.8 MPH)
|
| Bottom of the 3rd over - 0 runs, 0 hits, 0 errors, 0 left on base; San Francisco 2 - Houston 0 |
| TOP OF THE 4TH |
|
San Francisco Giants batting - Pitching for Houston Astros : RHP Moises Hernandez Jr.
|
|
Batting: LHB Carey Horncole
|
0-0: Called Strike 0-1: Ball 1-1: Ball 2-1: Called Strike 2-2: Ball 3-2: Base on Balls
|
|
Batting: SHB Ryan Doss
|
0-0: Ball 1-0: Called Strike 1-1: Called Strike 1-2: Ball 2-2: Ball 3-2: SINGLE (Groundball, 4S, EV 71.9 MPH) (infield hit) Carey Horncole to second
|
|
Batting: LHB Luis Magdaleno
|
0-0: Fly out, F5 (Popup, 5SF, EV 75.6 MPH)
|
|
Batting: SHB Bill Dooms
|
0-0: Called Strike Carey Horncole is caught stealing 3rd base 2-5 Ryan Doss to second 0-1: Ground out U3 (Groundball, 3, EV 91.2 MPH)
|
| Top of the 4th over - 0 runs, 1 hit, 0 errors, 1 left on base; San Francisco 2 - Houston 0 |
| BOTTOM OF THE 4TH |
|
Houston Astros batting - Pitching for San Francisco Giants : RHP Keith Kidd
|
|
Batting: RHB Jeremy Trump
|
0-0: Foul Ball, location: 2F 0-1: Swinging Strike 0-2: Ball 1-2: Strikes out swinging, 2-3 out at first.
|
|
Batting: SHB Joe Gardner
|
0-0: Ball 1-0: Ball 2-0: Ground out 1-3 (Groundball, 15S, EV 65.6 MPH)
|
|
Batting: LHB Bryce Hill
|
0-0: Ball 1-0: Ball 2-0: Fly out, F5 (Popup, 56S, EV 78.1 MPH)
|
| Bottom of the 4th over - 0 runs, 0 hits, 0 errors, 0 left on base; San Francisco 2 - Houston 0 |
| TOP OF THE 5TH |
|
San Francisco Giants batting - Pitching for Houston Astros : RHP Moises Hernandez Jr.
|
|
Batting: LHB Mason Duffy
|
0-0: Ball 1-0: Fly out, F8 (Line Drive, 8RD, EV 98.8 MPH)
|
|
Batting: RHB Philip Jansen
|
0-0: Called Strike 0-1: Ball 1-1: Ball 2-1: Ball 3-1: Called Strike 3-2: Strikes out swinging
|
|
Batting: RHB Lucan Esini
|
0-0: Swinging Strike 0-1: SINGLE (Flyball, 9S, EV 89.4 MPH)
|
|
Batting: LHB Jack Henningar
|
0-0: Ball 1-0: Ball 2-0: Ball 3-0: Base on Balls Lucan Esini to second
|
|
Batting: RHB Sean Zielinski
|
0-0: Ball 1-0: Ball 2-0: Foul Ball, location: 2F 2-1: Foul Ball, location: 2F 2-2: Foul Ball, location: 2F 2-2: Fly out, F8 (Flyball, 8LD, EV 105.0 MPH)
|
| Top of the 5th over - 0 runs, 1 hit, 0 errors, 2 left on base; San Francisco 2 - Houston 0 |
| BOTTOM OF THE 5TH |
|
Houston Astros batting - Pitching for San Francisco Giants : RHP Keith Kidd
|
|
Batting: RHB Elijah Hunter
|
0-0: Ground out 6-3 (Groundball, 6S, EV 91.9 MPH)
|
|
Batting: LHB Eric Katz
|
0-0: Ball 1-0: Ball 2-0: Called Strike 2-1: Foul Ball, location: 2F 2-2: Ball 3-2: Fly out, F7 (Line Drive, 7S, EV 105.6 MPH)
|
|
Batting: LHB Josh Corkery
|
0-0: Fly out, F8 (Flyball, 8RD, EV 86.9 MPH)
|
| Bottom of the 5th over - 0 runs, 0 hits, 0 errors, 0 left on base; San Francisco 2 - Houston 0 |
| TOP OF THE 6TH |
|
San Francisco Giants batting - Pitching for Houston Astros : RHP Moises Hernandez Jr.
|
|
Batting: LHB Carey Horncole
|
0-0: Ball 1-0: Called Strike 1-1: Ground out 6-3 (Groundball, 6M, EV 78.8 MPH)
|
|
Batting: SHB Ryan Doss
|
0-0: Ball 1-0: Foul Ball, location: 2F 1-1: Ball 2-1: Called Strike 2-2: Foul Ball, location: 2F 2-2: Ball 3-2: Fly out, F7 (Line Drive, 7, EV 85.0 MPH)
|
|
Batting: LHB Luis Magdaleno
|
0-0: Ball 1-0: Ground out 5-3 (Groundball, 56S, EV 91.9 MPH)
|
| Top of the 6th over - 0 runs, 0 hits, 0 errors, 0 left on base; San Francisco 2 - Houston 0 |
| BOTTOM OF THE 6TH |
|
Houston Astros batting - Pitching for San Francisco Giants : RHP Keith Kidd
|
|
Batting: RHB Eric Chotkowski
|
0-0: Ball 1-0: Ball 2-0: Called Strike 2-1: Swinging Strike 2-2: Foul Ball, location: 2F 2-2: Ball 3-2: Base on Balls
|
|
Batting: SHB Alvare Bairro
|
0-0: Ball 1-0: Swinging Strike 1-1: Called Strike 1-2: Strikes out swinging
|
|
Batting: RHB Jesse Scott
|
0-0: Ball 1-0: Ball 2-0: Called Strike 2-1: Ball 3-1: SINGLE (Line Drive, 56, EV 100.0 MPH) Eric Chotkowski to second
|
|
Batting: RHB Jeremy Trump
|
0-0: Ball 1-0: Foul Ball, location: 2F 1-1: Called Strike 1-2: Ball 2-2: Foul Ball, location: 2F 2-2: DOUBLE (Line Drive, 89D, EV 96.9 MPH) Eric Chotkowski scores Jesse Scott to third
|
|
Batting: SHB Joe Gardner
|
0-0: Called Strike 0-1: Ball 1-1: Swinging Strike 1-2: Ball 2-2: Strikes out swinging
|
|
Batting: LHB Bryce Hill
|
0-0: Ball 1-0: Ball 2-0: Ball 3-0: Called Strike 3-1: Base on Balls
|
|
Batting: RHB Elijah Hunter
|
0-0: SINGLE (Groundball, 4M, EV 88.8 MPH) (infield hit) Jesse Scott scores Jeremy Trump to third Bryce Hill to second
|
|
Batting: LHB Eric Katz
|
0-0: Ball 1-0: Fly out, F7 (Flyball, 78XD, EV 83.8 MPH)
|
| Bottom of the 6th over - 2 runs, 3 hits, 0 errors, 3 left on base; San Francisco 2 - Houston 2 |
| TOP OF THE 7TH |
|
San Francisco Giants batting - Pitching for Houston Astros : RHP Moises Hernandez Jr.
|
|
Batting: SHB Bill Dooms
|
0-0: Ball 1-0: Fly out, F8 (Flyball, 8LM, EV 80.0 MPH)
|
|
Batting: LHB Mason Duffy
|
0-0: Called Strike 0-1: Foul Ball, location: 2F 0-2: Ball 1-2: Ball 2-2: Ground out 4-3 (Groundball, 4, EV 86.9 MPH)
|
|
Batting: RHB Philip Jansen
|
0-0: Ball 1-0: Ball 2-0: Called Strike 2-1: Fly out, F9 (Flyball, 89S, EV 74.4 MPH)
|
| Top of the 7th over - 0 runs, 0 hits, 0 errors, 0 left on base; San Francisco 2 - Houston 2 |
| BOTTOM OF THE 7TH |
|
Houston Astros batting - Pitching for San Francisco Giants : RHP Keith Kidd
|
|
Batting: LHB Josh Corkery
|
0-0: Ball 1-0: Ball 2-0: Foul Ball, location: 2F 2-1: Foul Ball, location: 2F 2-2: Strikes out swinging
|
|
Batting: RHB Eric Chotkowski
|
0-0: Called Strike 0-1: Ball 1-1: Foul Ball, location: 2F 1-2: Ball 2-2: Foul Ball, location: 2F 2-2: Ball 3-2: Strikes out swinging
|
|
Batting: SHB Alvare Bairro
|
0-0: Swinging Strike 0-1: Ground out U3 (Groundball, 3L, EV 101.9 MPH)
|
| Bottom of the 7th over - 0 runs, 0 hits, 0 errors, 0 left on base; San Francisco 2 - Houston 2 |
| TOP OF THE 8TH |
|
San Francisco Giants batting - Pitching for Houston Astros : RHP Moises Hernandez Jr.
|
|
Batting: RHB Lucan Esini
|
0-0: Foul Ball, location: 2F 0-1: Ball 1-1: Ball 2-1: DOUBLE (Flyball, 8RXD, EV 107.5 MPH)
|
|
Batting: LHB Jack Henningar
|
0-0: Intentional Walk
|
|
Batting: RHB Sean Zielinski
|
0-0: Ball 1-0: Swinging Strike 1-1: Foul Ball, location: 2F 1-2: Foul Ball, location: 2F 1-2: Ball 2-2: 3-RUN HOME RUN (Flyball, 7D, EV 108.1 MPH), Distance : 402 ft
|
|
Pitching: RHP Kyle McPeak
|
|
|
Batting: LHB Carey Horncole
|
0-0: Called Strike 0-1: Swinging Strike 0-2: Ball 1-2: SINGLE (Line Drive, 6D, EV 99.4 MPH)
|
|
Batting: SHB Ryan Doss
|
0-0: Ball Pickoff Throw to First - Error! E1 Carey Horncole to second 1-0: Intentional Walk
|
|
Batting: LHB Luis Magdaleno
|
0-0: Called Strike 0-1: Foul Ball, location: 2F 0-2: Ball 1-2: Strikes out looking
|
|
Batting: SHB Bill Dooms
|
0-0: Foul Ball, location: 2F 0-1: Swinging Strike 0-2: DOUBLE (Flyball, 78D, EV 109.4 MPH) Carey Horncole scores Ryan Doss to third
|
|
Batting: LHB Mason Duffy
|
0-0: Ball 1-0: 3-RUN HOME RUN (Flyball, 89XD, EV 107.5 MPH), Distance : 415 ft
|
|
Pitching: RHP Dave Thomas
|
|
|
Batting: RHB Philip Jansen
|
0-0: Foul Ball, location: 2F 0-1: Called Strike 0-2: Ball 1-2: Strikes out swinging
|
|
Batting: RHB Lucan Esini
|
0-0: Ball 1-0: Called Strike 1-1: Foul Ball, location: 2F 1-2: Foul Ball, location: 2F 1-2: Fly out, F9 (Flyball, 89M, EV 96.9 MPH)
|
| Top of the 8th over - 7 runs, 5 hits, 1 error, 0 left on base; San Francisco 9 - Houston 2 |
| BOTTOM OF THE 8TH |
|
Houston Astros batting - Pitching for San Francisco Giants : RHP Keith Kidd
|
|
Pinch Hitting: SHB Paskar Adegoke
|
0-0: Ball 1-0: Ground out 6-3 (Groundball, 4M, EV 109.4 MPH)
|
|
Batting: RHB Jeremy Trump
|
0-0: Ball 1-0: Ball 2-0: SINGLE (Groundball, 34D, EV 104.4 MPH)
|
|
Batting: SHB Joe Gardner
|
0-0: Ball 1-0: Ball 2-0: SINGLE (Line Drive, 4M, EV 101.9 MPH) Jeremy Trump to second
|
|
Batting: LHB Bryce Hill
|
0-0: SINGLE (Groundball, 25, EV 72.5 MPH) (infield hit) Jeremy Trump to third Joe Gardner to second
|
|
Pinch Hitting: LHB Jack Christie
|
0-0: Called Strike 0-1: Ball 1-1: Swinging Strike 1-2: Ball 2-2: Ball 3-2: Base on Balls Jeremy Trump scores Joe Gardner to third Bryce Hill to second
|
|
Pitching: LHP Chris Moris
|
|
|
Batting: LHB Eric Katz
|
0-0: Ball 1-0: Ball 2-0: SINGLE (Groundball, 6S, EV 73.1 MPH) (infield hit) Joe Gardner scores Bryce Hill to third Jack Christie to second
|
|
Batting: LHB Josh Corkery
|
0-0: Called Strike 0-1: Called Strike 0-2: Ball 1-2: Ball 2-2: Fly out, F9 (Line Drive, 9S, EV 91.9 MPH)
|
|
Batting: RHB Eric Chotkowski
|
0-0: Ball 1-0: Called Strike 1-1: Foul Ball, location: 2F 1-2: Foul Ball, location: 2F 1-2: Ball 2-2: Foul Ball, location: 2F 2-2: Strikes out swinging
|
| Bottom of the 8th over - 2 runs, 4 hits, 0 errors, 3 left on base; San Francisco 9 - Houston 4 |
| TOP OF THE 9TH |
|
San Francisco Giants batting - Pitching for Houston Astros : RHP Dave Thomas
|
|
Now at 1B: Paskar Adegoke
|
|
|
Now at 3B: Eric Chotkowski
|
|
|
Now in RF: Jimmy Edlin
|
|
|
Batting: LHB Jack Henningar
|
0-0: Swinging Strike 0-1: Called Strike 0-2: Foul Ball, location: 2F 0-2: Ball 1-2: Ball 2-2: Ball 3-2: Base on Balls
|
|
Batting: RHB Sean Zielinski
|
0-0: Ball 1-0: Called Strike 1-1: Foul Ball, location: 2F 1-2: Fly out, F9 (Line Drive, 9, EV 85.6 MPH)
|
|
Batting: LHB Carey Horncole
|
0-0: Swinging Strike 0-1: Called Strike 0-2: Foul Ball, location: 2F 0-2: Ball 1-2: Ball 2-2: Strikes out swinging
|
|
Batting: SHB Ryan Doss
|
0-0: Ball Jack Henningar steals 2nd base 1-0: Ball 2-0: Ground out 3-1 (Groundball, 34S, EV 85.6 MPH)
|
| Top of the 9th over - 0 runs, 0 hits, 0 errors, 1 left on base; San Francisco 9 - Houston 4 |
| BOTTOM OF THE 9TH |
|
Houston Astros batting - Pitching for San Francisco Giants : LHP Chris Moris
|
|
Batting: SHB Alvare Bairro
|
0-0: Ball 1-0: Called Strike 1-1: Foul Ball, location: 2F 1-2: Strikes out looking
|
|
Batting: SHB Paskar Adegoke
|
0-0: Called Strike 0-1: Swinging Strike 0-2: Ball 1-2: Ball 2-2: Ball 3-2: Strikes out swinging
|
|
Pitching: RHP Jorge Sosa
|
|
|
Batting: RHB Jeremy Trump
|
0-0: Swinging Strike 0-1: Ball 1-1: Fly out, F8 (Flyball, 8RD, EV 90.0 MPH)
|
| Bottom of the 9th over - 0 runs, 0 hits, 0 errors, 0 left on base; San Francisco 9 - Houston 4 |
|